 Dungeon Crawl Stone Soup version 0.29.0-11-gd7f09526c8 (webtiles) character file.

Game seed: 9808904841339174559

10474 gelatine the Magician (level 11, 0/85 HPs)
             Began as a Demonspawn Fire Elementalist on Sept 5, 2022.
             Was a Priest of Sif Muna.
             Killed by divine providence
             ... invoked by Saint Roka
              (9 damage)
             ... on level 1 of the Orcish Mines.
             The game lasted 00:44:34 (11667 turns).

gelatine the Magician (DsFE)                       Turns: 11667, Time: 00:44:36

Health: 0/85       AC: 13    Str:  8    XL:     11   Next: 36%
Magic:  13/22      EV: 14    Int: 20    God:    Sif Muna [***...]
Gold:   530        SH:  5    Dex: 15    Spells: 15/25 levels left

rFire   . . .      SeeInvis .   C - +6 short sword "Giant's Nightmare" {vamp, Will+}
rCold   . . .      Faith    .   (no shield)
rNeg    . . .      Spirit   .   o - +0 troll leather armour
rPois   .          Reflect  +   (helmet unavailable)
rElec   .          Harm     .   u - +2 cloak {rCorr}
rCorr   +          Rampage  .   (no gloves)
Will    +....                   (no boots)
Stlth   +++.......              H - amulet of reflection
HPRegen 1.04/turn               E - +4 ring of protection
MPRegen 0.18/turn               (no ring)

@: studying Maces & Flails
A: horns 3, rugged brown scales 2, demonic magic 2
a: Renounce Religion, Channel Magic, Forget Spell


You were on level 1 of the Orcish Mines.
You worshipped Sif Muna.
Sif Muna was most pleased with you.
You visited 3 branches of the dungeon, and saw 12 of its levels.
You also visited: Bailey.

You collected 530 gold pieces.

Inventory:

Hand Weapons
 g - a +3 dagger of protection
 t - a +3 quarterstaff of chaos
 A - a +0 vampiric demon blade
 C - the +6 short sword "Giant's Nightmare" (weapon) {vamp, Will+}
   (You found it on level 6 of the Dungeon)

   It occasionally heals its wielder for a portion of the damage dealt when it
   wounds a living foe.
   Will:      It increases your willpower.
 G - the +7 spear of Demonkind {vorpal, Int+4}
   (You took it off a goblin in a bailey)

   It inflicts extra damage upon your enemies.
   Int:       It affects your intelligence (+4).
 L - a +0 lajatang of venom
Missiles
 D - 6 boomerangs
 M - 9 poisoned darts
 O - 5 javelins
 P - 2 curare-tipped darts
Armour
 o - a +0 troll leather armour (worn)
 u - a +2 cloak of preservation (worn)
 K - a +4 ring mail of cold resistance
Magical Staves
 n - a staff of cold
Jewellery
 f - an amulet of guardian spirit
 E - a +4 ring of protection (left hand)
 H - an amulet of reflection (around neck)
Wands
 c - a wand of digging (3)
Scrolls
 h - a scroll of enchant weapon
 i - a scroll of noise
 m - 2 scrolls of amnesia
 w - a scroll of immolation {unknown}
 x - a scroll of fear {unknown}
 B - a scroll of silence {unknown}
 J - a scroll of fog {unknown}
 N - a scroll of enchant armour
Potions
 b - 2 potions of magic
 d - a potion of ambrosia {unknown}
 e - 4 potions of curing
 j - a potion of berserk rage {unknown}
 l - 2 potions of lignification {unknown}
 p - a potion of heal wounds
 q - a potion of flight {unknown}
 r - 2 potions of might {unknown}
 s - 2 potions of haste {unknown}
 z - 2 potions of cancellation {unknown}
 I - 2 potions of mutation {unknown}


   Skills:
 * Level 6.1 Fighting
 + Level 2.5(2.6) Short Blades
 + Level 0.4(1.6) Long Blades
 + Level 2.0 Staves
 * Level 1.8 Armour
 * Level 5.9 Dodging
 + Level 5.5 Stealth
 + Level 1.2 Shields
 + Level 7.5 Spellcasting
 + Level 5.6 Conjurations
 + Level 1.4 Necromancy
 + Level 7.4 Fire Magic
 + Level 1.0 Ice Magic
 * Level 7.3 Invocations
 + Level 2.1 Evocations


You had 15 spell levels left.
You knew the following spells:

 Your Spells              Type           Power      Damage    Failure   Level
a - Foxfire               Conj/Fire      100%       2x1d9     1%          1
b - Scorch                Fire           74%        2d8       1%          2
c - Flame Wave            Conj/Fire      33%        2d10      9%          4
d - Inner Flame           Hex/Fire       22%        N/A       9%          3

Your spell library contained the following spells:

 Spells                   Type           Power      Damage    Failure   Level
 Conjure Flame            Conj/Fire      33%        6-21      2%          3
 Hailstorm                Conj/Ice       20%        3d6       32%         4
 Ice Form                 Ice/Tmut       9%         N/A       69%         4
 Simulacrum               Ice/Necr       6%         N/A       100%        6


Dungeon Overview and Level Annotations

Branches:
Dungeon (10/15)            Temple (1/1) D:7             Orc (2/2) D:9
 Bailey (visited)
   Lair: D:8-11         Elf: Orc:2

Altars:
Ashenzari
Cheibriados
Dithmenos
Fedhas
Gozag
Hepliaklqana
Kikubaaqudgha
Makhleb
Nemelex Xobeh
Okawaru
Qazlal
Ru
Sif Muna
Trog
Uskayaw
Vehumet
Wu Jian
Xom
Yredelemnul

Shops:
D:8 :   D:9 (

Annotations:
D:8 Erica
Orc:1 Saint Roka


Innate Abilities, Weirdness & Mutations

You have a pair of large horns on your head.
You are mostly covered in rugged brown scales. (AC +2, +5% HP)
Spells you cast may paralyse nearby enemies.


Message History

The orc warrior suddenly stops moving!
You hear a shout!
Saint Roka invokes the aid of Beogh against you.
Beogh smites you!
A wave of flame ripples out!
The flame wave engulfs the orc wizard!
You kill the orc wizard!
Sif Muna accepts your kill.
The flame wave engulfs Saint Roka!
Saint Roka is lightly wounded.
The flame wave engulfs the orc warrior!
The orc warrior is moderately wounded.
A wave of flame ripples out!
The flame wave engulfs Saint Roka but does no damage.
Saint Roka is lightly wounded.
The flame wave engulfs the orc warrior but does no damage.
The orc warrior is moderately wounded.
The flame wave engulfs the orc warrior.
The orc warrior is lightly wounded.
The flame wave engulfs the warg!
The warg is moderately wounded.
You finish channelling waves of flame.
The warg closely misses you. The orc warrior barely misses you.
Saint Roka hits you with a +0 battleaxe!!!
The warg bites you but does no damage.
The orc warrior hits you from afar with a +0 trident!
* * * LOW HITPOINT WARNING * * *
Saint Roka hits you with a +0 battleaxe!
* * * LOW HITPOINT WARNING * * *
You climb upwards.
There is a stone staircase leading down here.
You feel much better. The warg bites you.
Saint Roka hits you with a +0 battleaxe!!
* * * LOW HITPOINT WARNING * * *
Your magical contamination has completely faded away.
Blink to where?
Press: ? - help, Q - select action, (/) - cycle Dir - move target
As you read the scroll of blinking, it crumbles to dust.
Saint Roka mumbles some strange prayers to Beogh against you.
Beogh smites you!
You die...

###### ##############
##....###....##....#.##
#........o)...........#
#........[ยง).........##
##.....@h[[....##.#.##
#....)[...........##
##...)[)[.........##
###...............##
###....#..#......#
######.........#...#.##
##.##............#.####
#................###
##.##...#...#....##


You could see Saint Roka and a warg.

Vanquished Creatures
  Gastronok (D:9)
  A two-headed ogre (D:9)
  Pikel (D:7)
  An orc sorcerer (Bailey)
  A kobold demonologist (Bailey)
  A hornet (D:10)
  6 trolls
  A shadow (D:10)
  A wyvern (D:10)
  A wraith (D:10)
  6 yaks (D:9)
  4 vampire mosquitoes (D:9)
  A warg (Orc:1)
  A water moccasin (D:5)
  15 orc warriors
  An ice beast (D:6)
  A black bear (D:8)
  2 centaurs (D:10)
  4 kobold brigands
  3 gnoll sergeants
  4 scorpions
  A necrophage (D:5)
  4 wights (D:9)
  3 howler monkeys (D:9)
  6 electric eels
  3 hounds
  Crazy Yiuf (D:2)
  A jelly (D:5)
  4 orc priests
  A gnoll bouda (D:5)
  Jessica (D:2)
  4 iguanas
  15 orc wizards
  17 gnolls
  4 adders
  A shadow imp (D:7)
  5 white imps
  An ufetubus (D:5)
  A worm (D:2)
  4 dart slugs
  54 orcs
  4 bats
  2 endoplasms (D:1)
  A giant cockroach (D:1)
  8 hobgoblins
  2 jackals (D:1)
  24 kobolds
  2 quokkas
  2 ball pythons (D:2)
  2 frilled lizards (D:2)
  12 goblins
247 creatures vanquished.

Vanquished Creatures (collateral kills)
  8 foxfires
8 creatures vanquished.

Vanquished Creatures (others)
  An orc (D:8)
  825 foxfires
  2 plants (D:7)
828 creatures vanquished.

Grand Total: 1083 creatures vanquished

Notes
Turn   | Place    | Note
-------+----------+-------------------------------------------
     0 | D:1      | gelatine the Demonspawn Fire Elementalist began the quest
                  | for the Orb.
     0 | D:1      | Reached XP level 1. HP: 13/13 MP: 3/3
   364 | D:1      | Gained mutation: You have a pair of small horns on your
                  | head. [demonic ancestry]
   364 | D:1      | Reached XP level 2. HP: 19/19 MP: 3/5
   837 | D:1      | Learned a level 2 spell: Scorch
  1303 | D:2      | Noticed Jessica
  1308 | D:2      | Killed Jessica
  1309 | D:2      | Reached XP level 3. HP: 15/24 MP: 1/6
  1707 | D:2      | Gained mutation: Spells you cast may paralyse adjacent
                  | enemies. [demonic ancestry]
  1707 | D:2      | Reached XP level 4. HP: 20/30 MP: 5/8
  1946 | D:2      | Found a runed translucent door.
  1947 | D:2      | Noticed Crazy Yiuf
  2396 | D:2      | Killed Crazy Yiuf
  2611 | D:3      | You fall into a shaft and drop 2 floors!
  2611 | D:5      | Entered Level 5 of the Dungeon
  2715 | D:5      | Gained mutation: You have a pair of horns on your head.
                  | [demonic ancestry]
  2715 | D:5      | Reached XP level 5. HP: 35/35 MP: 1/9
  3005 | D:5      | Reached skill level 1 in Staves
  3081 | D:5      | Gained mutation: You are partially covered in rugged brown
                  | scales. (AC +1, +3% HP) [demonic ancestry]
  3081 | D:5      | Reached XP level 6. HP: 36/43 MP: 3/11
  3091 | D:5      | Noticed a water moccasin
  3098 | D:5      | Killed a water moccasin
  3099 | D:5      | Reached skill level 1 in Fighting
  3106 | D:5      | HP: 2/44 [poisoned by a water moccasin]
  3529 | D:5      | Gained mutation: You are mostly covered in rugged brown
                  | scales. (AC +2, +5% HP) [demonic ancestry]
  3529 | D:5      | Reached XP level 7. HP: 38/50 MP: 7/13
  4153 | D:5      | Found a shimmering blue altar of Sif Muna.
  4156 | D:5      | Became a worshipper of Sif Muna the Loreminder
  4603 | D:6      | Identified the +6 short sword "Giant's Nightmare" {vamp,
                  | Will+}
  4737 | D:6      | Reached skill level 1 in Necromancy
  5005 | D:6      | Reached skill level 1 in Invocations
  5239 | D:6      | Reached skill level 1 in Ice Magic
  5239 | D:6      | Gained mutation: Spells you cast may paralyse nearby
                  | enemies. [demonic ancestry]
  5239 | D:6      | Reached XP level 8. HP: 58/58 MP: 6/14
  5242 | D:6      | Reached skill level 1 in Armour
  5497 | D:6      | Found a faded altar of an unknown god.
  5508 | D:6      | Found an iron altar of Okawaru.
  5510 | D:6      | Found a sparkling altar of Nemelex Xobeh.
  5512 | D:6      | Found a bloodstained altar of Trog.
  5643 | D:7      | Found a flagged portal.
  5648 | D:7      | Reached * piety under Sif Muna
  5666 | Bailey   | Entered a bailey
  5685 | Bailey   | Reached skill level 1 in Evocations
  5692 | Bailey   | Learned a level 4 spell: Flame Wave
  5910 | Bailey   | Reached skill level 5 in Fire Magic
  5997 | Bailey   | Reached skill level 1 in Short Blades
  5997 | Bailey   | Reached skill level 5 in Spellcasting
  6073 | Bailey   | Noticed an orc sorcerer
  6364 | Bailey   | Killed an orc sorcerer
  6365 | Bailey   | Reached XP level 9. HP: 42/66 MP: 1/16
  6814 | Bailey   | Identified the +7 spear of Demonkind {vorpal, Int+4}
  6827 | Bailey   | Noticed a kobold demonologist
  6850 | Bailey   | Killed a kobold demonologist
  6958 | Bailey   | Acquired an amulet of reflection
  7150 | Bailey   | Found an iron altar of Okawaru.
  7372 | D:7      | Found a staircase to the Ecumenical Temple.
  7404 | Temple   | Entered the Ecumenical Temple
  7754 | D:7      | Reached ** piety under Sif Muna
  8076 | D:7      | Noticed Pikel
  8086 | D:7      | Killed Pikel
  8516 | D:8      | Noticed Erica
  8516 | D:8      | Found Ostryu's Book Emporium.
  8535 | D:8      | Noticed a kobold demonologist
  8808 | D:9      | Noticed a two-headed ogre
  8819 | D:9      | Killed a two-headed ogre
  8820 | D:9      | Reached skill level 5 in Invocations
  8820 | D:9      | Gained mutation: You have a pair of large horns on your
                  | head. [demonic ancestry]
  8820 | D:9      | Reached XP level 10. HP: 56/76 MP: 10/19
  9324 | D:9      | Noticed Gastronok
  9327 | D:9      | Reached skill level 5 in Dodging
  9327 | D:9      | Reached skill level 5 in Stealth
  9446 | D:9      | Killed Gastronok
  9447 | D:9      | Reached skill level 5 in Fighting
  9447 | D:9      | Reached skill level 1 in Shields
  9447 | D:9      | Reached skill level 5 in Conjurations
  9474 | D:9      | Reached *** piety under Sif Muna
  9827 | D:9      | Found a hazy altar of Hepliaklqana.
  9860 | D:9      | Reached XP level 11. HP: 84/84 MP: 0/21
  9985 | D:9      | Found a staircase to the Orcish Mines.
 10259 | D:9      | Found Uwagiow's Weapon Emporium.
 10436 | D:10     | Entered Level 10 of the Dungeon
 11234 | Orc:1    | Entered Level 1 of the Orcish Mines
 11475 | Orc:2    | Entered Level 2 of the Orcish Mines
 11475 | Orc:2    | Noticed Saint Roka
 11545 | Orc:1    | Learned a level 3 spell: Inner Flame
 11667 | Orc:1    | Killed from afar by Saint Roka

Illustrated notes

Levels and vault maps discovered:
D:1:      minmay_arrival_radiant_lines, layout_loops_ring, minmay_pentomino_v2
D:2:      layout_basic, uniq_jessica, uniq_crazy_yiuf_cottage
D:3:      layout_basic, serial_shops, nicolae_shop_window_shopping, uniq_terence
D:5:      layout_loops_ring, lemuel_blue_sif_altar, roderic_roman_lattice
D:6:      layout_loops_cross, chequers_temple_overflow_minitemple
D:7:      layout_basic, kennysheep_little_box, minmay_temple_entry_hall,
          enter_bailey_5, serial_bayou, serial_bayou_pond_b,
          serial_bayou_ford_a, serial_bayou_shore_b, serial_bayou_pond_a,
          minmay_curled_crystal, uniq_pikel
D:8:      layout_rooms, mainiacjoe_overflow_six_doors_small,
          erik_lair_orcish_takeover, serial_shops, shop_coins,
          nicolae_shop_waterfront, nicolae_stop_n_shop_1, minmay_pinched_square,
          uniq_joseph, uniq_erica
D:9:      layout_basic, lemuel_tele_altar, orc_david_3, uniq_gastronok
D:10:     layout_rooms
Temple:   jpeg_temple_clearing
Orc:1:    layout_caves, nicolae_shop_clearance
Orc:2:    st_orc_mages, layout_diamond_mine, uniq_nessos, uniq_saint_roka

Skill      XL: |  1  2  3  4  5  6  7  8  9 10 11 |
---------------+----------------------------------+-----
Dodging        | 2 3 4 5 |  5.9
Fire Magic     | 3 4 5 6 7 |  7.4
Stealth        | 2 3 4 5 |  5.5
Spellcasting   | 3 4 5 6 7 |  7.5
Conjurations   | 2 3 4 5 |  5.6
Staves         | 1 2 |  2.0
Fighting       | 1 2 3 4 5 6 |  6.1
Necromancy     | 1 |  1.4
Invocations    | 1 2 5 7 |  7.3
Ice Magic      | 1 |  1.0
Armour         | 1 |  1.8
Evocations     | 2 |  2.1
Short Blades   | 1 2 |  2.5
Shields        | 1 |  1.2
Long Blades    | |  0.4

Action                   |  1- 3 |  4- 6 |  7- 9 | 10-12 || total
-------------------------+-------+-------+-------+-------++-------
Melee: Dagger            |    13 |     4 |       |       ||    17
       Headbutt          |     4 |     4 |    13 |    20 ||    41
       Quarterstaff      |       |    18 |       |       ||    18
       Short sword       |       |       |    71 |    88 ||   159
       Demon blade       |       |       |    16 |       ||    16
       Punch             |       |       |     2 |       ||     2
 Cast: Foxfire           |    60 |    36 |   221 |   185 ||   502
       Scorch            |     5 |    12 |    49 |    35 ||   101
       Flame Wave        |       |       |     4 |    10 ||    14
Invok: Channel Magic     |       |       |     2 |     1 ||     3
  Use: Scroll            |       |       |    10 |     7 ||    17
       Potion            |       |       |     5 |     1 ||     6
 Stab: Paralysed         |       |     6 |    23 |    21 ||    50
Armor: Robe              |     3 |     2 |    36 |    22 ||    63
       Troll leather arm |       |       |       |    21 ||    21
Dodge: Dodged            |    16 |     5 |    67 |    79 ||   167
Block: Other             |       |       |     5 |    34 ||    39
       Reflection        |       |       |       |     2 ||     2
